 Dungeon Crawl Stone Soup version 0.25.1-2-g60ff931df9 (webtiles) character file.

Game seed: 10303466621937582388

24 gruber the Slasher (level 3, 0/19 HPs)
             Began as a Vine Stalker Fighter on Oct 22, 2020.
             Killed by nerve-wracking pain
             ... invoked by a shadow imp
             ... summoned by Natasha
              (9 damage)
             ... on level 2 of the Dungeon.
             The game lasted 00:00:46 (728 turns).

gruber the Slasher (Vine Stalker Fighter)            Turns: 728, Time: 00:00:47

Health: 0/19       AC:  6    Str: 19    XL:     3   Next: 2%
Magic:  0/4        EV:  7    Int:  8    God:
Gold:   103        SH:  9    Dex: 13    Spells: 2/2 levels left

rFire    . . .     SeeInvis .   a - +0 long sword
rCold    . . .     Gourm    .   c - +0 kite shield
rNeg     . . .     Faith    .   b - +0 scale mail
rPois    .         Spirit   +   (no helmet)
rElec    .         Reflect  .   (no cloak)
rCorr    .         Harm     .   (no gloves)
MR       .....                  (no boots)
Stlth    +.........             (no amulet)
HPRegen  0.06/turn              e - ring of stealth
MPRegen  0.09/turn              (no ring)

@: no status effects
A: fangs 2, magic shield, antimagic bite, no potion heal 3, rot immunity
a: no special abilities


You were on level 2 of the Dungeon.
You were not hungry.

You visited 1 branch of the dungeon, and saw 2 of its levels.

You collected 103 gold pieces.

Inventory:

Hand Weapons
 a - a +0 long sword (weapon)
Armour
 b - a +0 scale mail (worn)
 c - a +0 kite shield (worn)
 j - a +0 plate armour
Jewellery
 e - a ring of stealth (left hand)
Scrolls
 h - 5 scrolls of identify {unknown}
 i - 2 scrolls of teleportation {unknown}
Potions
 d - a potion of might
 g - a potion of stabbing {unknown}
 k - a potion of flight {unknown}
Comestibles
 f - 2 rations
 l - 2 chunks of flesh


   Skills:
 - Level 2.6 Fighting
 + Level 3.1 Long Blades
 - Level 2.4 Armour
 - Level 2.6 Shields


You had 2 spell levels left.
You didn't know any spells.
Your spell library was empty.

Dungeon Overview and Level Annotations

Branches:
Dungeon (2/15)

Altars:

Annotations:
D:2 Natasha


Innate Abilities, Weirdness & Mutations

You have extremely sharp teeth.
When hurt, damage is shared between your health and your magic reserves.
Your bite disrupts and absorbs the magic of your enemies.
Potions cannot restore your health.
You are immune to rotting.


Message History

You are too injured to fight recklessly!
You are too injured to fight recklessly!
You are too injured to fight recklessly!
You are too injured to fight recklessly!
You are too injured to fight recklessly!
You are too injured to fight recklessly!
You are too injured to fight recklessly!
You are too injured to fight recklessly!
You are too injured to fight recklessly!
Natasha completely misses you. You block the shadow imp's attack.
Your shield prevents you from hitting Natasha.
You bite Natasha.
Natasha's magic leaks into the air.
You drain her magic.
You feel invigorated.
Natasha is lightly wounded.
Natasha barely misses you.
You riposte.
You closely miss Natasha. Your bite misses Natasha.
Natasha is lightly wounded.
The shadow imp gestures at you. Pain shoots through your body!
You die...

##############
####>...........#
#..5..#########.#####
#...@.+ .............
#.....h..#
########.####
#.##.....# #..# #
##.#.## ##.## #.#.#
#..## #.#.# ##...
#.#.# #... #.# #...
##..


You could see Natasha and a shadow imp (summoned).

Vanquished Creatures
  A leopard gecko (D:1)
  2 giant cockroaches (D:1)
  4 goblins
  4 hobgoblins (D:1)
  6 bats (D:1)
  2 frilled lizards (D:1)
  3 kobolds
22 creatures vanquished.

Notes
Turn   | Place    | Note
-------+----------+-------------------------------------------
     0 | D:1      | gruber the Vine Stalker Fighter began the quest for the
                  | Orb.
     0 | D:1      | Reached XP level 1. HP: 11/11 MP: 2/2
    15 | D:1      | Reached skill level 2 in Long Blades
    79 | D:1      | Reached XP level 2. HP: 15/16 MP: 1/3
   613 | D:2      | Reached skill level 3 in Long Blades
   663 | D:2      | Reached XP level 3. HP: 19/19 MP: 4/4
   723 | D:2      | Noticed Natasha
   728 | D:2      | Killed from afar by a shadow imp

Illustrated notes

Levels and vault maps discovered:
D:1:      shiori_arrival_maze, layout_rooms
D:2:      layout_basic, minmay_hexomino_f4, uniq_natasha, uniq_sigmund

Skill      XL: |  1  2 |
---------------+-------+-----
Long Blades    | 2 3 |  3.1
Fighting       | |  2.6
Armour         | |  2.4
Shields        | |  2.6

Action                   || total
-------------------------++-------
Melee: Long sword        ||    43
       Bite              ||     9
 Stab: Sleeping          ||     1
Armor: Scale mail        ||    17
Dodge: Dodged            ||    18
Block: Kite shield       ||    23
       Rpst.: Long sword ||     8
